 Dungeon Crawl Stone Soup version 0.29-a0-284-gf9362112df (webtiles) character file.

Game seed: 10749513832138673522

60 GigaChad the Chopper (level 4, -1/27 HPs)
             Began as a Gargoyle Gladiator on Mar 30, 2022.
             Was an Initiate of Trog.
             Killed by nerve-wracking pain
             ... invoked by an orc priest
              (5 damage)
             ... on level 3 of the Dungeon.
             The game lasted 00:08:06 (1341 turns).

GigaChad the Chopper (Gargoyle Gladiator)           Turns: 1341, Time: 00:08:07

Health: -1/27      AC: 14    Str: 18    XL:     4   Next: 6%
Magic:  13/13      EV:  8    Int:  8    God:    Trog [......]
Gold:   107        SH:  0    Dex: 13    Spells: 3/3 levels left

rFire   + . .      SeeInvis .   a - +0 war axe
rCold   . . .      Faith    .   (no shield)
rNeg    + . .      Spirit   .   n - +1 chain mail {rF+}
rPois   ∞          Reflect  .   c - +0 helmet
rElec   +          Harm     .   (no cloak)
rCorr   .          Rampage  .   (no gloves)
Will    .....                   (no boots)
Stlth   ..........              (no amulet)
HPRegen 0.09/turn               i - ring of magical power
MPRegen 0.13/turn               (no ring)

@: very slow
A: sickness immunity, AC +3, negative energy resistance 1, electricity
resistance, torment resistance 1, petrification resistance
a: Renounce Religion


You were on level 3 of the Dungeon.
You worshipped Trog.
Trog was noncommittal.
You visited 1 branch of the dungeon, and saw 3 of its levels.

You collected 107 gold pieces.

Inventory:

Hand Weapons
 a - a +0 war axe (weapon)
 f - a +0 falchion
 m - a +0 morningstar
Missiles
 d - 3 throwing nets (quivered)
 e - a javelin
Armour
 b - a +0 leather armour
 c - a +0 helmet (worn)
 g - a +0 ring mail
 n - a +1 chain mail of fire resistance (worn)
Magical Staves
 h - a staff of poison
Jewellery
 i - a ring of magical power (left hand)
Scrolls
 k - a scroll of enchant armour {unknown}
 l - a scroll of enchant weapon {unknown}
Potions
 j - a potion of berserk rage {unknown}
 o - a potion of curing {unknown}


   Skills:
 + Level 2.6 Fighting
 + Level 3.5 Axes
 + Level 2.0 Throwing
 + Level 1.3 Armour
 + Level 2.7 Dodging


You had 3 spell levels left.
You didn't know any spells.
Your spell library contained the following spells:

 Spells                   Type           Power      Damage    Failure   Level
 Magic Dart               Conj           0%         1d3       100%        1
 Searing Ray              Conj           0%         2d4       100%        2
 Fulminant Prism          Conj/Hex       0%         3d6       100%        4


Dungeon Overview and Level Annotations

Branches:
Dungeon (3/15)

Altars:
Trog


Innate Abilities, Weirdness & Mutations

You are immune to sickness and miasma.
Your stone body is resilient. (AC +3)
You are immune to poison.
You resist negative energy. (rN+)
You are resistant to electric shocks. (rElec)
You are resistant to unholy torment.
You are immune to petrification.


Message History

You slash the jackal!
You kill the jackal!
Trog accepts your kill.
The kobold splashes around in the water.
You have reached level 4!
You feel stronger.
You slash the kobold!
You kill the kobold!
Trog accepts your kill.
You hear a splash.
You slash the jackal!
You kill the jackal!
Trog accepts your kill.
You see here a +0 dagger.
You now have 107 gold pieces (gained 18).
You enter the shallow water.
Moving in this stuff is going to be slow.
You see here a +0 dagger.
You enter the shallow water.
Moving in this stuff is going to be slow.
o - a bubbling brown potion You enter the shallow water.
Moving in this stuff is going to be slow.
Found a stone staircase leading up. 2 orc priests come into view.
The orc priest shouts! x2
A hobgoblin comes into view.
The orc priest looks satisfied for a moment.
An orc comes into view. It is wielding a +0 hand axe.
The orc shouts!
The hobgoblin shouts!
The orc priest invokes the aid of Beogh against you.
Beogh smites you!
* * * LOW HITPOINT WARNING * * *
You enter the shallow water.
Moving in this stuff is going to be slow.
The orc priest attacks as you move away!
The orc priest barely misses you.
The orc priest calls down the wrath of Beogh upon you.
Pain shoots through your body!
You die...

####...#≈##
#......#≈≈###
#####..≈≈≈..###
#.......≈≈....##
#.#.....≈)..)..##
##.....≈≈††.....#
#.....≈.o≈......#
#......go≈......#
#.......≈≈o@....#
#.......≈≈......#
##....≈.≈≈.≈≈.<##
#......≈≈≈.≈≈.##
#####..≈≈≈≈≈.##
#.≈.≈≈.≈≈#
#.≈.≈≈)..#
#..≈≈≈†.##
##..≈≈.##


You could see 2 orc priests, an orc and a hobgoblin.

Vanquished Creatures
  Terence (D:3)
  3 bats (D:1)
  An endoplasm (D:2)
  A giant cockroach (D:2)
  4 goblins
  7 jackals
  A quokka (D:2)
  7 ball pythons
  3 frilled lizards
  6 kobolds
  3 rats
37 creatures vanquished.

Notes
Turn   | Place    | Note
-------+----------+-------------------------------------------
     0 | D:1      | GigaChad the Gargoyle Gladiator began the quest for the
                  | Orb.
     0 | D:1      | Reached XP level 1. HP: 12/12 MP: 1/1
   308 | D:1      | Reached XP level 2. HP: 16/18 MP: 2/2
   425 | D:2      | Reached skill level 3 in Axes
   492 | D:2      | Found a bloodstained altar of Trog.
   503 | D:2      | Became a worshipper of Trog the Wrathful
   848 | D:2      | Reached XP level 3. HP: 15/22 MP: 3/3
  1234 | D:3      | Noticed Terence
  1251 | D:3      | Killed Terence
  1252 | D:3      | Reached skill level 1 in Armour
  1288 | D:3      | Reached XP level 4. HP: 9/27 MP: 4/4
  1341 | D:3      | Killed from afar by an orc priest

Illustrated notes

Levels and vault maps discovered:
D:1:      psy_arrival_conway, layout_rooms, hex_tiny, minmay_hexomino_u4
D:2:      layout_basic, dreamdust_ecumenical_altar_hidden_monk_grotto,
          basic_altar, grunt_ministairs_2
D:3:      layout_rooms, jmf_multi_god_temple2,
          grunt_temple_overflow_champion_of_chaos, minivault_27,
          chequers_serial_rivers_small_3, dreamdust_princess_corridor,
          uniq_terence, uniq_crazy_yiuf_cottage

Skill      XL: |  1  2  3 |
---------------+----------+-----
Axes           | 3 |  3.5
Throwing       | 2 |  2.0
Armour         | 1 |  1.3
Fighting       | |  2.6
Dodging        | |  2.7

Action                   |  1- 3 |  4- 6 || total
-------------------------+-------+-------++-------
Melee: War axe           |   113 |     1 ||   114
  Use: Scroll            |     1 |       ||     1
Armor: Ring mail         |    96 |       ||    96
       Chain mail        |     3 |       ||     3
Dodge: Dodged            |   114 |     1 ||   115

Table legend: (Time is in decaauts)
 A = Elapsed time spent in this place.
 B = Non-inter-level travel time spent in this place.
 C = Inter-level travel time spent in this place.
 D = Time resting spent in this place.
 E = Time spent auto-exploring this place.
 F = Levels seen in this place.
 G = Mean time per level.
                   A        B        C        D        E       F      G
               +--------+--------+--------+--------+--------+-----+--------+
         Total |   1391 |   1385 |      6 |      0 |      0 |   3 |  463.7 |
       Dungeon |   1391 |   1385 |      6 |      0 |      0 |   3 |  463.7 |
               +--------+--------+--------+--------+--------+-----+--------+

Top non-repeatable levels by time:
     D:2: 852 daAuts
     D:1: 420 daAuts
     D:3: 118 daAuts
